 Seeded DCSS version 0.30-a0-847-g17996783a1 (webtiles) character file.

Game seed: 12265041391888024883 (custom seed)

101 qeuew the Poker (level 4, -5/34 HPs)
             Began as a Merfolk Gladiator on Mar 3, 2023.
             Slain by a kobold brigand
             ... wielding a +0 short sword
              (7 damage)
             ... in a sewer.
             The game lasted 00:02:19 (1923 turns).

qeuew the Poker (Merfolk Gladiator)                 Turns: 1923, Time: 00:02:20

Health: -5/34      AC:  4    Str: 16    XL:     4   Next: 75%
Magic:  4/4        EV: 16    Int:  7    God:
Gold:   84         SH:  0    Dex: 15    Spells: 3/3 levels left

rFire   . . .      SeeInvis .    a - +0 trident
rCold   . . .      Faith    .    (no shield)
rNeg    . . .      Spirit   .    b - +0 leather armour
rPois   .          Reflect  .    c - +0 helmet
rElec   .          Rampage  .    (no cloak)
rCorr   .                        (no gloves)
Will    .....                    (boots currently unavailable)
Stlth   ++                       (no amulet)
HPRegen 0.25/turn                (no ring)
MPRegen 0.09/turn                (no ring)

@: lethally poisoned (-5 -> -9), very quick
A: nimble swimmer 2, mertail
a: no special abilities


You were in a sewer.
You visited 1 branch of the dungeon, and saw 3 of its levels.
You also visited: Sewer.

You collected 84 gold pieces.

Inventory:

Hand Weapons
 a - a +0 trident (weapon)
Missiles
 d - 3 throwing nets (quivered)
 e - a javelin
Armour
 b - a +0 leather armour (worn)
 c - a +0 helmet (worn)
Scrolls
 f - a scroll of teleportation


   Skills:
 + Level 2.8 Fighting
 * Level 5.0 Polearms
 * Level 3.0 Throwing
 + Level 0.8 Armour
 + Level 4.6 Dodging


You had 3 spell levels left.
You didn't know any spells.
Your spell library contained the following spells:

 Spells                   Type           Power      Damage    Failure   Level
 Ice Form                 Ice/Tmut       0%         N/A       99%         4
 Olgreb's Toxic Radiance  Pois           0%         N/A       99%         4
 Summon Ice Beast         Ice/Summ       0%         N/A       99%         4
 Freezing Cloud           Conj/Ice/Air   0%         6-21      100%        5


Dungeon Overview and Level Annotations

Branches:
Dungeon (3/15)              Sewer (1/1)

Altars:


Innate Abilities, Weirdness & Mutations

You are very nimble when in or above water. (Stealth+, EV+, Speed+++)
Your lower body shifts to a powerful aquatic tail in water.


Message History

You are too injured to fight recklessly!
Your legs become a tail as you enter the water.
* * * LOW HITPOINT WARNING * * *
You feel very sick. The kobold misses you.
You feel much better.
You feel very sick.
You closely miss the kobold brigand.
You tail-slap the kobold brigand, but do no damage.
The kobold brigand is moderately wounded.
You feel very sick. The kobold brigand misses you.
You hit the kobold brigand but do no damage.
The kobold brigand is moderately wounded.
You feel very sick.
The kobold brigand hits you with a +0 dagger.
The kobold brigand hits you but does no damage.
The kobold misses you.
You barely miss the kobold brigand.
Your tail-slap misses the kobold brigand.
The kobold brigand is moderately wounded.
You feel sick.
The kobold brigand hits you with a +0 dagger.
* * * LOW HITPOINT WARNING * * *
The kobold brigand hits you but does no damage.
The kobold hits you but does no damage.
You barely miss the kobold brigand.
The kobold brigand is moderately wounded.
You feel sick. The kobold brigand barely misses you.
The kobold brigand hits you with a +0 short sword.
* * * LOW HITPOINT WARNING * * *
The kobold hits you with a +0 dagger.
* * * LOW HITPOINT WARNING * * *
You miss the kobold brigand.
You tail-slap the kobold brigand, but do no damage.
The kobold brigand is moderately wounded.
* * * LOW HITPOINT WARNING * * *
You feel sick. The kobold brigand misses you.
The kobold brigand hits you with a +0 short sword!
You die...

#..~≈~..############
#..~≈~~~~~~~~~~~~~~~
#~~~≈~~.############
#.~~≈~~~# #.~~≈~~~#
#.~≈≈≈~.# #.~≈≈≈~.#
#.~≈≈≈~.# #.~@K~.~#
#..KK)~.# ####.####
... ..... #....~≈
#.....~. ..#....##
..#######


You could see 2 kobold brigands and a kobold.

Vanquished Creatures
  2 adders (D:3)
  2 river rats
  A worm (D:2)
  2 dart slugs
  3 ball pythons
  5 bats
  6 endoplasms
  3 giant cockroaches
  4 goblins
  6 hobgoblins
  7 kobolds
  2 quokkas
  4 frilled lizards
  10 rats
57 creatures vanquished.

Vanquished Creatures (others)
  4 fungi (D:3)
  4 toadstools (D:3)
8 creatures vanquished.

Grand Total: 65 creatures vanquished

Notes
Turn   | Place    | Note
-------+----------+-------------------------------------------
     0 | D:1      | qeuew the Merfolk Gladiator began the quest for the Orb.
     0 | D:1      | Reached XP level 1. HP: 16/16 MP: 1/1
   219 | D:1      | Reached XP level 2. HP: 20/22 MP: 2/2
   537 | D:1      | Got the Catalogue of Frosty Degeneration
  1072 | D:2      | Reached XP level 3. HP: 28/28 MP: 3/3
  1551 | D:3      | Reached XP level 4. HP: 16/34 MP: 4/4
  1767 | D:3      | Found a glowing drain.
  1771 | Sewer    | Entered a sewer
  1789 | Sewer    | Reached skill level 5 in Polearms
  1904 | Sewer    | Noticed a kobold brigand
  1906 | Sewer    | Noticed a kobold brigand
  1923 | Sewer    | Slain by a kobold brigand

Illustrated notes

Levels and vault maps discovered:
D:1:      nzn_arrival_settlement, layout_loops_corners, minmay_statues_item,
          st_stairs_3, columned_hall_lemuel
D:2:      layout_rooms
D:3:      layout_loops_ring, gup_sewer_entry_bowl, minmay_gold_behind_fungi,
          minmay_fountain_box, kennysheep_cross_bottleneck
Sewer:    sewer_kobolds

Skill      XL: |  1  2  3  4 |
---------------+-------------+-----
Polearms       | 5 |  5.0
Throwing       | 3 |  3.0
Fighting       | |  2.8
Armour         | |  0.8
Dodging        | |  4.6

Action                     |  1- 3 |  4- 6 || total
---------------------------+-------+-------++-------
  Melee: Trident           |   138 |    70 ||   208
         Tailslap          |       |     2 ||     2
         Punch             |       |     1 ||     1
    Use: Scroll            |     4 |       ||     4
         Potion            |     1 |     1 ||     2
   Stab: Sleeping          |     1 |       ||     1
 Armour: Leather armour    |    30 |    11 ||    41
  Dodge: Dodged            |    70 |    34 ||   104

Table legend: (Time is in decaauts)
 A = Elapsed time spent in this place.
 B = Non-inter-level travel time spent in this place.
 C = Inter-level travel time spent in this place.
 D = Time resting spent in this place.
 E = Time spent auto-exploring this place.
 F = Levels seen in this place.
 G = Mean time per level.
                   A        B        C        D        E       F      G
               +--------+--------+--------+--------+--------+-----+--------+
         Total |   1918 |   1813 |    105 |      0 |   1375 |   4 |  479.5 |
       Dungeon |   1782 |   1677 |    105 |      0 |   1285 |   3 |  594.0 |
         Sewer |    135 |    135 |      0 |      0 |     90 |   1 |  135.0 |
               +--------+--------+--------+--------+--------+-----+--------+

Top non-repeatable levels by time:
     D:1: 1063 daAuts
     D:2: 478 daAuts
     D:3: 239 daAuts
   Sewer: 135 daAuts
